 Dungeon Crawl Stone Soup version 0.29.0-13-gc9e81de378 (webtiles) character file.

Game seed: 6180012950403980443

200 DoubleLucky the Firebug (level 5, -11/38 HPs)
             Began as a Draconian Fire Elementalist on Sept 9, 2022.
             Mangled by an ogre
             ... wielding a +0 giant club
              (20 damage)
             ... on level 4 of the Dungeon.
             The game lasted 00:12:21 (3550 turns).

DoubleLucky the Firebug (DrFE)                      Turns: 3550, Time: 00:12:22

Health: -11/38     AC:  6    Str: 10    XL:     5   Next: 49%
Magic:  0/9        EV: 12    Int: 17    God:
Gold:   173        SH:  0    Dex: 12    Spells: 7/10 levels left

rFire   . . .      SeeInvis .   e - +0 whip (elec)
rCold   + . .      Faith    .   (no shield)
rNeg    . . .      Spirit   .   (body armour unavailable)
rPois   .          Reflect  .   (helmet restricted)
rElec   .          Harm     .   (no cloak)
rCorr   .          Rampage  .   v - +0 pair of gloves
Will    .....                   (no boots)
Stlth   ++........              g - amulet of regeneration
HPRegen 0.92/turn               f - ring of wizardry
MPRegen 0.11/turn               i - ring of protection from cold

@: no status effects
A: AC +5, unfitting armour, cold-blooded
a: no special abilities


You were on level 4 of the Dungeon.
You visited 1 branch of the dungeon, and saw 4 of its levels.

You collected 173 gold pieces.

Inventory:

Hand Weapons
 e - a +0 whip of electrocution (weapon)
Armour
 s - a +0 buckler
 v - a +0 pair of gloves (worn)
Jewellery
 a - a ring of fire
 f - a ring of wizardry (left hand)
 g - an amulet of regeneration (around neck)
 i - a ring of protection from cold (right hand)
Wands
 w - a wand of roots (11)
Scrolls
 b - a scroll of fog
 d - a scroll of identify
 h - 2 scrolls of vulnerability
 k - a scroll of teleportation {unknown}
 l - a scroll of silence
 m - a scroll of enchant weapon
 o - a scroll of blinking {unknown}
 p - a scroll of noise {unknown}
 q - 2 scrolls of magic mapping {unknown}
 r - a scroll of fear {unknown}
Potions
 c - 2 potions of berserk rage
 j - a potion of heal wounds
 n - 2 potions of curing
 t - a potion of might {unknown}
 u - 2 potions of brilliance


   Skills:
 - Level 1.7 Dodging
 - Level 1.7 Stealth
 - Level 3.0 Spellcasting
 + Level 3.4 Conjurations
 + Level 4.5 Fire Magic


You had 7 spell levels left.
You knew the following spells:

 Your Spells              Type           Power      Damage    Failure   Level
a - Foxfire               Conj/Fire      64%        2x1d7     1%          1
b - Scorch                Fire           36%        2d6       1%          2

Your spell library contained the following spells:

 Spells                   Type           Power      Damage    Failure   Level
 Conjure Flame            Conj/Fire      16%        6-21      4%          3
 Necrotise                Necr           8%         1d4       7%          1
 Inner Flame              Hex/Fire       10%        N/A       9%          3
 Blink                    Tloc           4%         N/A       11%         2
 Ignite Poison            Fire/Tmut/Pois 7%         N/A       12%         3
 Mephitic Cloud           Conj/Pois/Air  6%         N/A       13%         3
 Flame Wave               Conj/Fire      16%        2d7       13%         4
 Lesser Beckoning         Tloc           2%         N/A       21%         3
 Vampiric Draining        Necr           2%         2d6       21%         3
 Freezing Cloud           Conj/Ice/Air   3%         6-21      73%         5
 Agony                    Necr           2%         N/A       86%         5
 Manifold Assault         Tloc           2%         N/A       86%         5


Dungeon Overview and Level Annotations

Branches:
Dungeon (4/15)
 Temple: D:4-7

Altars:


Innate Abilities, Weirdness & Mutations

Your plain brown scales are hard. (AC +5)
You cannot fit into any form of body armour.
You are cold-blooded and may be slowed by cold attacks.


Message History

The hound is heavily wounded.
The hound bites you but does no damage. The hound barely misses you.
You feel much better. The hound bites you. The hound barely misses you.
You hit the hound but do no damage.
The hound is heavily wounded.
The hound misses you.
You hit the hound.
The hound is severely wounded.
The hound bites you. The hound barely misses you.
You hit the hound. Lightning courses through the hound!
You kill the hound!
You hit the ogre.
The ogre is moderately wounded.
The ogre misses you.
You closely miss the ogre.
The ogre is moderately wounded.
The ogre hits you with a +0 giant club!!
Ouch! That really hurt!
You hit the ogre but do no damage.
The ogre is moderately wounded.
You barely miss the ogre.
The ogre is moderately wounded.
The ogre misses you.
You hit the ogre.
The ogre is moderately wounded.
The ogre barely misses you.
Casting: Foxfire (safe; 1% risk of failure)
Confirm with . or Enter, or press ? or * to list all spells.
Flames lash the ogre.
The ogre is heavily wounded.
The ogre's fire resistance burns away.
The ogre hits you with a +0 giant club!
* * * LOW HITPOINT WARNING * * *
You hit the ogre but do no damage.
You tail-slap the ogre, but do no damage.
The ogre is heavily wounded.
You hit the ogre.
The ogre is heavily wounded.
The ogre hits you with a +0 giant club!!
Ouch! That really hurt!
You die...

#.## #.#.#######.# #.. #..###
#.#.#.....#.# #.. ##O.(#
#.#.#.###.#.# #..
###O#######.#.#.# #.#.# #..
#.........#.#.# #.#.# #..
#####.#####.#.# #.#.# #..
######.#...#.#.# #.#.#### #..
#..........#.#.# #.#....# ###
#.####.#.###@#.# #.####.#
#.####.#...#O#.# #.##.#'#####
#............#.# #.#.........
#####............#<###.#.........
#................#...#.#.........
#................#.#.#.#.........
#...............##.#.#.#....(....
#................#.#.#.#.........
#................#.#.#.#........#


You could see an ogre (combustible).

Vanquished Creatures
  A bullfrog (D:4)
  A hound (D:4)
  Robin (D:3)
  A white imp (D:4)
  A worm (D:2)
  3 dart slugs
  4 bats
  6 endoplasms
  4 giant cockroaches
  19 goblins
  6 hobgoblins
  3 jackals (D:3)
  3 quokkas
  5 ball pythons
  2 frilled lizards (D:3)
  5 kobolds
  4 rats
69 creatures vanquished.

Vanquished Creatures (others)
  184 foxfires
184 creatures vanquished.

Grand Total: 253 creatures vanquished

Notes
Turn   | Place    | Note
-------+----------+-------------------------------------------
     0 | D:1      | DoubleLucky the Draconian Fire Elementalist began the quest
                  | for the Orb.
     0 | D:1      | Reached XP level 1. HP: 14/14 MP: 3/3
   242 | D:1      | Reached XP level 2. HP: 20/20 MP: 0/5
   339 | D:1      | Learned a level 2 spell: Scorch
   958 | D:2      | Identified the +3 leather armour of Omission {rF+ rC- rN+
                  | Int+3 Slay+2}
  1200 | D:2      | Reached XP level 3. HP: 26/26 MP: 0/6
  1731 | D:3      | Found a faded altar of an unknown god.
  2356 | D:3      | Noticed Robin
  2366 | D:3      | Reached XP level 4. HP: 33/33 MP: 3/8
  2408 | D:3      | Killed Robin
  3509 | D:4      | Noticed an ogre
  3509 | D:4      | Noticed a bullfrog
  3537 | D:4      | Killed a bullfrog
  3538 | D:4      | Reached skill level 4 in Fire Magic
  3538 | D:4      | Reached XP level 5. HP: 11/38 MP: 0/9
  3550 | D:4      | Mangled by an ogre

Illustrated notes

Levels and vault maps discovered:
D:1:      pf_arrival_petrified_forest, layout_rooms
D:2:      layout_loops_ring
D:3:      kennysheep_goblin_castle, layout_basic,
          chequers_ecumenical_altar_simple
D:4:      minmay_octagon_keep, layout_basic

Skill      XL: |  1  2  3  4 |
---------------+-------------+-----
Conjurations   | 2 3 |  3.4
Spellcasting   | 3 |  3.0
Fire Magic     | 4 |  4.5
Dodging        | |  1.7
Stealth        | |  1.7

Action                   |  1- 3 |  4- 6 || total
-------------------------+-------+-------++-------
Melee: Whip              |    37 |    34 ||    71
       Tailslap          |     4 |     1 ||     5
       Punch             |       |     1 ||     1
 Cast: Foxfire           |    89 |    19 ||   108
       Scorch            |     1 |     4 ||     5
  Use: Potion            |     1 |     1 ||     2
       Scroll            |       |     8 ||     8
Armor: Skin              |    23 |     7 ||    30
Dodge: Dodged            |    42 |    35 ||    77
